[ AOE2 MATCH · #465713391 ]
Team RMKoreans vs Byzantines
[ REPLAY ANALYSIS · EXTRACTED FROM THE RECORDED GAME ]
Feudal
11:19
Castle
17:46
Imperial
37:52
| APM avg | 21.9 |
| APM peak | 50 |
| eAPM avg | 16.0 |
| Villagers / military | 93 / 342 |
Focus
⚔️ 49.9% · 🌾 50.1%
Skirmisher ×114 · Archer ×67 · Hand Cannoneer ×67 · Spearman ×53 · War Wagon ×20 · Trade Cart ×8
Feudal
10:59
Castle
19:05
Imperial
39:37
| APM avg | 42.1 |
| APM peak | 97 |
| eAPM avg | 23.0 |
| Villagers / military | 172 / 388 |
Focus
⚔️ 35.7% · 🌾 64.3%
Skirmisher ×232 · Cataphract ×133 · Hand Cannoneer ×9 · Trebuchet (Packed) ×9 · Monk ×5
Feudal
11:23
Castle
22:39
Imperial
—
| APM avg | 33.5 |
| APM peak | 83 |
| eAPM avg | 22.8 |
| Villagers / military | 151 / 114 |
Focus
⚔️ 16.7% · 🌾 83.3%
Scorpion ×51 · Militia ×41 · Knight ×15 · Scout Cavalry ×7
Feudal
13:08
Castle
23:21
Imperial
44:27
| APM avg | 26.4 |
| APM peak | 74 |
| eAPM avg | 15.6 |
| Villagers / military | 99 / 338 |
Focus
⚔️ 54.3% · 🌾 45.7%
Militia ×241 · Spearman ×89 · Battering Ram ×8
Match map
Initial resources + every placement click. Lines = walls · curves = elevation contours. ◆ gold · ⬟ stone · ● berries · ✦ relic · ◌ wall gap
Your base· ✓ Closed at 17:46 · 0t walls · 3 gate(s)
76561198443206480's base· ✓ Closed at 19:05 · 0t walls · 3 gate(s)
DJ's base· ✓ Closed at 22:39 · 0t walls · 3 gate(s)
Fun Time's base· ✓ Closed at 23:21 · 0t walls · 2 gate(s)
Smoothed initial terrain · ◌ = detected wall gap · hover for details
Inputs per minute
— Bone Crusher - - 76561198443206480
Build order — Bone Crusher
First 150 of 600 actions detected
| 0:10 | Build | House |
| 0:11 | Build | House |
| 0:14 | Create | Villager (Male) |
| 0:15 | Create | Villager (Male) |
| 0:15 | Create | Villager (Male) |
| 0:56 | Create | Villager (Male) |
| 0:56 | Create | Villager (Male) |
| 1:31 | Build | House |
| 1:34 | Build | Mill |
| 1:55 | Create | Villager (Male) |
| 1:56 | Create | Villager (Male) |
| 2:26 | Create | Villager (Male) |
| 2:44 | Create | Villager (Male) |
| 2:44 | Create | Villager (Male) |
| 3:27 | Create | Villager (Male) |
| 4:14 | Create | Villager (Male) |
| 4:15 | Create | Villager (Male) |
| 4:40 | Create | Villager (Male) |
| 5:08 | Create | Villager (Male) |
| 5:08 | Create | Villager (Male) |
| 5:21 | Create | Villager (Male) |
| 5:36 | Build | House |
| 5:48 | Create | Villager (Male) |
| 6:06 | Create | Villager (Male) |
| 6:30 | Create | Villager (Male) |
| 6:41 | Create | Villager (Male) |
| 7:03 | Create | Villager (Male) |
| 7:04 | Create | Villager (Male) |
| 7:58 | Create | Villager (Male) |
| 8:12 | Build | Mining Camp |
| 8:46 | Research | Feudal Age |
| 9:21 | Build | Lumber Camp |
| 9:27 | Create | Villager (Male) |
| 9:32 | Create | Villager (Male) |
| 10:17 | Create | Villager (Male) |
| 10:17 | Create | Villager (Male) |
| 10:38 | Create | Villager (Male) |
| 11:01 | Build | Mill |
| 11:18 | Build | House |
| 11:19 | Age | Feudal Age |
| 11:21 | Build | House |
| 11:28 | Create | Villager (Male) |
| 11:56 | Build | Blacksmith |
| 12:06 | Build | Market |
| 12:32 | Create | Villager (Male) |
| 12:58 | Build | Farm |
| 13:03 | Build | Farm |
| 13:08 | Build | Farm |
| 13:12 | Build | Farm |
| 13:20 | Build | Farm |
| 13:24 | Create | Villager (Male) |
| 13:49 | Create | Villager (Male) |
| 14:07 | Create | Villager (Male) |
| 14:15 | Build | Farm |
| 14:26 | Build | Farm |
| 14:41 | Create | Villager (Male) |
| 15:02 | Research | Castle Age |
| 15:19 | Create | Villager (Male) |
| 15:49 | Create | Villager (Male) |
| 15:54 | Build | Farm |
| 16:06 | Research | Double-Bit Axe |
| 16:43 | Build | Barracks |
| 16:46 | Create | Villager (Male) |
| 17:09 | Build | Farm |
| 17:20 | Build | Farm |
| 17:27 | Build | House |
| 17:30 | Build | House |
| 17:34 | Build | Farm |
| 17:46 | Age | Castle Age |
| 18:19 | Build | Stable |
| 18:27 | Create | Villager (Male) |
| 18:28 | Create | Villager (Male) |
| 18:36 | Build | Town Center |
| 18:46 | Create | Spearman |
| 19:36 | Build | Mining Camp |
| 19:38 | Create | Villager (Male) |
| 19:41 | Create | Villager (Male) |
| 19:50 | Create | Villager (Male) |
| 19:50 | Create | Villager (Male) |
| 19:50 | Create | Villager (Male) |
| 19:50 | Create | Villager (Male) |
| 19:58 | Research | Bow Saw |
| 20:02 | Create | Spearman |
| 20:02 | Research | Pikeman (upgrade) |
| 20:03 | Create | Spearman |
| 20:04 | Create | Spearman |
| 20:27 | Build | Farm |
| 20:31 | Build | Farm |
| 20:38 | Build | Farm |
| 20:40 | Build | Farm |
| 20:41 | Create | Villager (Male) |
| 20:42 | Create | Villager (Male) |
| 20:48 | Build | Farm |
| 20:52 | Build | Farm |
| 21:01 | Create | Villager (Male) |
| 21:01 | Create | Villager (Male) |
| 21:18 | Build | Town Center |
| 21:38 | Build | Archery Range |
| 21:44 | Create | Villager (Male) |
| 21:47 | Research | Fletching |
| 22:08 | Build | House |
| 22:09 | Build | House |
| 22:11 | Build | House |
| 22:43 | Build | House |
| 22:45 | Build | House |
| 22:47 | Build | House |
| 22:50 | Build | House |
| 22:51 | Build | House |
| 23:05 | Research | Crossbowman (upgrade) |
| 23:05 | Create | Archer |
| 23:08 | Build | Archery Range |
| 23:10 | Build | Archery Range |
| 23:16 | Create | Villager (Male) |
| 23:16 | Create | Villager (Male) |
| 23:19 | Build | Farm |
| 23:22 | Build | Farm |
| 23:27 | Build | Farm |
| 24:00 | Create | Villager (Male) |
| 24:00 | Create | Villager (Male) |
| 24:03 | Build | Farm |
| 24:19 | Create | Villager (Male) |
| 24:20 | Create | Villager (Male) |
| 24:20 | Create | Villager (Male) |
| 24:29 | Build | Farm |
| 24:34 | Build | Farm |
| 24:38 | Build | Farm |
| 24:50 | Create | Archer |
| 24:57 | Build | Farm |
| 25:00 | Create | Villager (Male) |
| 25:00 | Create | Villager (Male) |
| 25:03 | Build | Farm |
| 25:04 | Build | Farm |
| 25:14 | Build | Mining Camp |
| 25:22 | Build | Farm |
| 25:24 | Research | Bodkin Arrow |
| 25:29 | Create | Archer |
| 25:33 | Build | Archery Range |
| 25:35 | Create | Skirmisher |
| 25:43 | Build | Mining Camp |
| 26:05 | Create | Archer |
| 26:06 | Create | Archer |
| 26:06 | Create | Archer |
| 26:08 | Build | Farm |
| 26:24 | Create | Skirmisher |
| 26:33 | Build | Archery Range |
| 26:37 | Create | Archer |
| 26:37 | Create | Archer |
| 26:50 | Research | Thumb Ring |
| 27:20 | Build | Town Center |
| 27:26 | Research | Wheelbarrow |
Build order — 76561198443206480
First 150 of 582 actions detected
| 0:07 | Build | House |
| 0:09 | Build | House |
| 0:17 | Create | Villager (Male) |
| 0:17 | Create | Villager (Male) |
| 0:17 | Create | Villager (Male) |
| 0:17 | Create | Villager (Male) |
| 0:18 | Create | Villager (Male) |
| 1:44 | Create | Villager (Male) |
| 2:14 | Build | Lumber Camp |
| 2:16 | Create | Villager (Male) |
| 2:16 | Create | Villager (Male) |
| 2:43 | Create | Villager (Male) |
| 2:43 | Create | Villager (Male) |
| 3:24 | Create | Villager (Male) |
| 3:24 | Create | Villager (Male) |
| 4:02 | Create | Villager (Male) |
| 4:02 | Create | Villager (Male) |
| 4:03 | Create | Villager (Male) |
| 4:13 | Build | House |
| 5:04 | Create | Villager (Male) |
| 5:04 | Create | Villager (Male) |
| 5:05 | Create | Villager (Male) |
| 5:05 | Create | Villager (Male) |
| 5:50 | Build | Mill |
| 5:53 | Create | Villager (Male) |
| 6:47 | Create | Villager (Male) |
| 6:47 | Create | Villager (Male) |
| 6:49 | Create | Villager (Male) |
| 7:34 | Build | House |
| 7:40 | Research | Loom |
| 7:58 | Create | Villager (Male) |
| 7:58 | Create | Villager (Male) |
| 8:49 | Research | Feudal Age |
| 9:08 | Build | House |
| 10:13 | Build | House |
| 10:47 | Create | Villager (Male) |
| 10:47 | Create | Villager (Male) |
| 10:48 | Create | Villager (Male) |
| 10:53 | Build | Mining Camp |
| 10:59 | Age | Feudal Age |
| 11:04 | Build | Blacksmith |
| 11:10 | Research | Double-Bit Axe |
| 11:11 | Create | Villager (Male) |
| 11:11 | Create | Villager (Male) |
| 11:21 | Build | Market |
| 11:29 | Create | Villager (Male) |
| 11:34 | Build | Farm |
| 11:58 | Build | Farm |
| 11:59 | Create | Villager (Male) |
| 12:25 | Build | Farm |
| 12:26 | Build | Farm |
| 12:29 | Create | Villager (Male) |
| 12:29 | Create | Villager (Male) |
| 12:51 | Build | Farm |
| 12:54 | Build | Farm |
| 13:29 | Build | Farm |
| 13:53 | Build | Mill |
| 14:08 | Build | House |
| 14:13 | Build | Farm |
| 14:13 | Create | Villager (Male) |
| 14:13 | Create | Villager (Male) |
| 14:47 | Build | Farm |
| 14:51 | Create | Villager (Male) |
| 14:54 | Create | Villager (Male) |
| 15:07 | Build | Farm |
| 15:20 | Research | Horse Collar |
| 15:39 | Build | Farm |
| 15:56 | Build | Farm |
| 16:25 | Research | Castle Age |
| 16:25 | Research | Castle Age |
| 16:55 | Build | House |
| 17:40 | Build | Barracks |
| 18:26 | Build | House |
| 19:05 | Age | Castle Age |
| 19:07 | Build | Town Center |
| 19:08 | Create | Villager (Male) |
| 19:08 | Create | Villager (Male) |
| 19:09 | Create | Villager (Male) |
| 19:18 | Build | Town Center |
| 19:21 | Create | Villager (Male) |
| 19:46 | Research | Bow Saw |
| 20:02 | Create | Villager (Male) |
| 20:06 | Create | Villager (Male) |
| 20:07 | Create | Villager (Male) |
| 20:07 | Create | Villager (Male) |
| 20:33 | Create | Villager (Male) |
| 20:34 | Create | Villager (Male) |
| 20:38 | Research | Wheelbarrow |
| 20:46 | Create | Villager (Male) |
| 20:52 | Create | Villager (Male) |
| 20:52 | Create | Villager (Male) |
| 20:58 | Create | Villager (Male) |
| 20:58 | Create | Villager (Male) |
| 21:23 | Build | Stable |
| 21:34 | Create | Villager (Male) |
| 21:35 | Create | Villager (Male) |
| 21:37 | Create | Villager (Male) |
| 21:37 | Create | Villager (Male) |
| 21:39 | Build | Farm |
| 21:41 | Build | Farm |
| 21:44 | Build | Farm |
| 21:45 | Build | Farm |
| 21:47 | Research | Heavy Plow |
| 21:48 | Create | Villager (Male) |
| 22:03 | Build | Farm |
| 22:10 | Build | Farm |
| 22:26 | Build | Farm |
| 22:31 | Create | Villager (Male) |
| 22:31 | Create | Villager (Male) |
| 22:34 | Create | Villager (Male) |
| 22:50 | Build | Farm |
| 22:51 | Create | Villager (Male) |
| 22:57 | Build | Farm |
| 22:58 | Create | Villager (Male) |
| 23:05 | Build | Farm |
| 23:07 | Build | Farm |
| 23:08 | Create | Villager (Male) |
| 23:09 | Create | Villager (Male) |
| 23:16 | Create | Villager (Male) |
| 23:32 | Build | Monastery |
| 23:36 | Create | Villager (Male) |
| 23:36 | Create | Villager (Male) |
| 23:43 | Build | Farm |
| 23:45 | Build | Farm |
| 23:48 | Build | Farm |
| 23:57 | Build | House |
| 23:59 | Build | House |
| 24:02 | Build | House |
| 24:05 | Build | House |
| 24:07 | Create | Villager (Male) |
| 24:08 | Create | Villager (Male) |
| 24:08 | Create | Villager (Male) |
| 24:26 | Build | University |
| 24:30 | Research | Fletching |
| 24:30 | Research | Scale Barding Armor |
| 24:50 | Create | Villager (Male) |
| 24:51 | Create | Villager (Male) |
| 24:51 | Create | Villager (Male) |
| 24:55 | Create | Villager (Male) |
| 24:55 | Create | Villager (Male) |
| 25:02 | Build | Farm |
| 25:02 | Build | Farm |
| 25:05 | Build | Farm |
| 25:05 | Build | Farm |
| 25:06 | Create | Villager (Male) |
| 25:06 | Create | Villager (Male) |
| 25:06 | Create | Villager (Male) |
| 25:11 | Build | House |
| 25:20 | Build | Mining Camp |
| 25:21 | Research | Gold Mining |
Build order — DJ
First 150 of 460 actions detected
| 0:02 | Build | House |
| 0:05 | Build | House |
| 0:06 | Create | Villager (Male) |
| 0:07 | Create | Villager (Male) |
| 0:14 | Create | Villager (Male) |
| 0:14 | Create | Villager (Male) |
| 0:15 | Create | Villager (Male) |
| 1:13 | Build | House |
| 1:14 | Build | House |
| 1:46 | Create | Villager (Male) |
| 2:01 | Build | Lumber Camp |
| 2:17 | Create | Villager (Male) |
| 2:36 | Create | Villager (Male) |
| 2:36 | Create | Villager (Male) |
| 3:08 | Create | Villager (Male) |
| 3:36 | Create | Villager (Male) |
| 3:54 | Create | Villager (Male) |
| 3:54 | Create | Villager (Male) |
| 4:16 | Create | Villager (Male) |
| 4:40 | Create | Villager (Male) |
| 4:54 | Build | Barracks |
| 5:17 | Create | Villager (Male) |
| 5:53 | Build | Mill |
| 5:55 | Create | Villager (Male) |
| 5:55 | Create | Villager (Male) |
| 5:59 | Build | House |
| 6:29 | Create | Villager (Male) |
| 6:33 | Build | House |
| 6:38 | Create | Villager (Male) |
| 6:54 | Create | Villager (Male) |
| 7:02 | Build | House |
| 7:43 | Create | Villager (Male) |
| 7:44 | Create | Villager (Male) |
| 8:01 | Create | Villager (Male) |
| 8:04 | Research | Loom |
| 8:17 | Build | Lumber Camp |
| 8:22 | Build | Mill |
| 9:13 | Research | Feudal Age |
| 9:23 | Create | Militia |
| 10:11 | Build | Mining Camp |
| 10:17 | Create | Villager (Male) |
| 10:25 | Create | Militia |
| 11:14 | Create | Villager (Male) |
| 11:18 | Create | Villager (Male) |
| 11:23 | Age | Feudal Age |
| 11:33 | Build | Market |
| 11:36 | Build | Blacksmith |
| 11:51 | Create | Villager (Male) |
| 12:00 | Create | Militia |
| 12:02 | Create | Militia |
| 12:14 | Build | Barracks |
| 12:22 | Create | Villager (Male) |
| 12:39 | Create | Militia |
| 12:40 | Create | Villager (Male) |
| 12:57 | Create | Militia |
| 13:06 | Create | Villager (Male) |
| 13:10 | Create | Militia |
| 13:10 | Create | Militia |
| 13:13 | Create | Militia |
| 13:36 | Create | Villager (Male) |
| 13:37 | Create | Militia |
| 13:42 | Build | Farm |
| 13:45 | Build | Farm |
| 13:46 | Build | Farm |
| 13:48 | Build | Farm |
| 13:54 | Research | Horse Collar |
| 13:59 | Build | House |
| 14:00 | Build | House |
| 14:05 | Create | Militia |
| 14:05 | Create | Militia |
| 14:22 | Create | Villager (Male) |
| 14:36 | Create | Villager (Male) |
| 14:48 | Build | Farm |
| 14:51 | Build | Farm |
| 15:12 | Create | Villager (Male) |
| 15:20 | Build | Farm |
| 15:21 | Research | Double-Bit Axe |
| 15:40 | Build | Farm |
| 15:41 | Build | Farm |
| 15:56 | Build | Farm |
| 16:08 | Build | Farm |
| 16:08 | Build | Farm |
| 16:08 | Build | Farm |
| 16:08 | Build | Farm |
| 16:08 | Build | Farm |
| 16:09 | Build | Farm |
| 16:23 | Build | Farm |
| 16:35 | Build | Farm |
| 16:42 | Create | Villager (Male) |
| 16:49 | Build | Farm |
| 17:03 | Create | Villager (Male) |
| 17:11 | Build | Farm |
| 17:21 | Build | House |
| 17:22 | Build | House |
| 17:23 | Build | House |
| 17:27 | Create | Villager (Male) |
| 17:28 | Create | Villager (Male) |
| 17:35 | Build | Farm |
| 17:51 | Create | Militia ×5 |
| 17:51 | Create | Militia |
| 18:11 | Build | Farm |
| 18:26 | Build | Farm |
| 18:51 | Create | Villager (Male) |
| 18:56 | Build | House |
| 18:57 | Build | House |
| 18:58 | Build | House |
| 18:58 | Build | House |
| 18:59 | Build | House |
| 19:19 | Build | Farm |
| 19:59 | Research | Castle Age |
| 20:21 | Research | Man-at-Arms (upgrade) |
| 20:40 | Build | Lumber Camp |
| 20:50 | Research | Arson |
| 21:00 | Research | Gold Mining |
| 21:32 | Build | House |
| 21:34 | Build | House |
| 21:36 | Build | House |
| 21:44 | Research | Forging |
| 22:19 | Create | Militia ×5 |
| 22:21 | Create | Militia ×3 |
| 22:34 | Create | Villager (Male) |
| 22:39 | Age | Castle Age |
| 22:41 | Build | Town Center |
| 22:43 | Build | Town Center |
| 22:46 | Create | Villager (Male) |
| 23:00 | Build | House |
| 23:01 | Build | House |
| 23:02 | Build | House |
| 23:03 | Build | House |
| 23:14 | Research | Iron Casting |
| 23:27 | Create | Villager (Male) |
| 23:35 | Create | Militia |
| 23:35 | Create | Militia |
| 24:06 | Create | Villager (Male) |
| 24:09 | Research | Wheelbarrow |
| 24:22 | Create | Militia |
| 24:22 | Create | Militia |
| 24:23 | Create | Militia |
| 24:52 | Research | Long Swordsman (upgrade) |
| 24:58 | Build | House |
| 24:58 | Build | House |
| 25:00 | Build | House |
| 25:00 | Build | House |
| 25:03 | Create | Villager (Male) |
| 25:25 | Create | Villager (Male) |
| 25:25 | Create | Villager (Male) |
| 25:34 | Create | Villager (Male) |
| 25:49 | Research | Heavy Plow |
| 25:49 | Research | Heavy Plow |
| 25:56 | Create | Villager (Male) |
Build order — Fun Time
First 150 of 584 actions detected
| 0:05 | Create | Villager (Male) |
| 0:05 | Create | Villager (Male) |
| 0:05 | Create | Villager (Male) |
| 0:05 | Create | Villager (Male) |
| 0:05 | Create | Villager (Male) |
| 0:12 | Build | House |
| 0:12 | Build | House |
| 0:13 | Build | House |
| 2:17 | Create | Villager (Male) |
| 2:17 | Create | Villager (Male) |
| 2:17 | Create | Villager (Male) |
| 2:17 | Create | Villager (Male) |
| 2:17 | Create | Villager (Male) |
| 2:54 | Create | Villager (Male) |
| 2:54 | Create | Villager (Male) |
| 2:54 | Create | Villager (Male) |
| 3:17 | Create | Villager (Male) |
| 3:18 | Create | Villager (Male) |
| 3:18 | Create | Villager (Male) |
| 4:31 | Create | Villager (Male) |
| 4:31 | Create | Villager (Male) |
| 4:31 | Create | Villager (Male) |
| 4:31 | Create | Villager (Male) |
| 4:58 | Create | Villager (Male) |
| 4:58 | Create | Villager (Male) |
| 4:58 | Create | Villager (Male) |
| 5:25 | Create | Villager (Male) |
| 5:25 | Create | Villager (Male) |
| 5:25 | Create | Villager (Male) |
| 5:48 | Create | Villager (Male) |
| 5:48 | Create | Villager (Male) |
| 7:01 | Build | Mule Cart |
| 7:05 | Create | Villager (Male) |
| 7:05 | Create | Villager (Male) |
| 7:13 | Build | House |
| 7:13 | Build | House |
| 7:44 | Create | Villager (Male) |
| 7:44 | Create | Villager (Male) |
| 7:44 | Create | Villager (Male) |
| 9:25 | Build | Mill |
| 9:29 | Create | Villager (Male) |
| 9:30 | Create | Villager (Male) |
| 9:55 | Research | Feudal Age |
| 11:04 | Build | Farm |
| 11:53 | Build | Farm |
| 11:58 | Build | Farm |
| 12:04 | Build | Farm |
| 12:23 | Build | Barracks |
| 12:30 | Build | Farm |
| 12:34 | Build | Farm |
| 12:39 | Build | Farm |
| 12:43 | Build | Farm |
| 12:49 | Build | Farm |
| 13:00 | Create | Villager (Male) |
| 13:01 | Create | Villager (Male) |
| 13:01 | Create | Villager (Male) |
| 13:01 | Create | Villager (Male) |
| 13:01 | Create | Villager (Male) |
| 13:02 | Create | Villager (Male) |
| 13:08 | Age | Feudal Age |
| 13:17 | Research | Horse Collar |
| 13:24 | Research | Double-Bit Axe |
| 13:33 | Build | House |
| 13:34 | Build | House |
| 13:35 | Build | House |
| 13:44 | Build | Farm |
| 13:53 | Build | Farm |
| 13:57 | Research | Man-at-Arms (upgrade) |
| 13:58 | Research | Arson |
| 14:03 | Create | Villager (Male) |
| 14:03 | Create | Villager (Male) |
| 14:08 | Build | Farm |
| 14:27 | Create | Villager (Male) |
| 14:33 | Build | Mill |
| 14:43 | Create | Villager (Male) |
| 14:56 | Build | Farm |
| 15:07 | Research | Wheelbarrow |
| 15:18 | Build | Blacksmith |
| 15:23 | Build | Farm |
| 15:34 | Build | Farm |
| 16:11 | Build | Barracks |
| 16:18 | Research | Forging |
| 16:18 | Research | Scale Mail Armor |
| 16:19 | Research | Scale Barding Armor |
| 16:24 | Create | Villager (Male) |
| 16:24 | Create | Villager (Male) |
| 16:25 | Create | Villager (Male) |
| 16:29 | Create | Villager (Male) |
| 16:46 | Build | Barracks |
| 16:59 | Build | Farm |
| 17:19 | Build | Barracks |
| 17:30 | Build | Farm |
| 17:43 | Create | Villager (Male) |
| 17:43 | Create | Villager (Male) |
| 18:11 | Build | Farm |
| 18:21 | Build | Farm |
| 18:34 | Build | Market |
| 18:49 | Build | Mule Cart |
| 19:01 | Create | Villager (Male) |
| 19:01 | Create | Villager (Male) |
| 19:02 | Create | Villager (Male) |
| 19:03 | Create | Villager (Male) |
| 19:17 | Research | Gold Mining |
| 19:37 | Build | Farm |
| 19:42 | Build | Farm |
| 19:59 | Research | Castle Age |
| 20:35 | Research | Long Swordsman (upgrade) |
| 20:51 | Build | Barracks |
| 20:58 | Build | House |
| 20:59 | Build | House |
| 20:59 | Build | House |
| 21:00 | Build | House |
| 21:01 | Build | House |
| 21:01 | Build | House |
| 21:41 | Create | Militia |
| 21:41 | Create | Militia |
| 21:41 | Create | Militia |
| 21:41 | Create | Militia |
| 21:42 | Create | Militia |
| 21:42 | Create | Militia |
| 21:42 | Create | Militia |
| 21:42 | Create | Militia |
| 21:43 | Create | Militia |
| 21:43 | Create | Militia |
| 21:43 | Create | Militia |
| 21:43 | Create | Militia |
| 22:12 | Create | Militia |
| 22:12 | Create | Militia |
| 22:12 | Create | Militia |
| 22:13 | Create | Militia |
| 22:58 | Build | Farm |
| 23:00 | Build | Farm |
| 23:13 | Create | Militia |
| 23:14 | Create | Militia |
| 23:14 | Create | Militia |
| 23:14 | Create | Militia |
| 23:14 | Create | Militia |
| 23:14 | Create | Militia |
| 23:15 | Create | Militia |
| 23:15 | Create | Militia |
| 23:15 | Create | Militia |
| 23:21 | Age | Castle Age |
| 23:50 | Research | Chain Mail Armor |
| 24:03 | Research | Two-Handed Swordsman (upgrade) |
| 24:04 | Research | Gambesons |
| 24:05 | Research | Squires |
| 24:48 | Research | Iron Casting |
| 25:15 | Research | Chain Barding Armor |
| 25:28 | Build | Town Center |
| 27:12 | Create | Villager (Male) |
Match timeline
| 4:54 | DJ · first_building Barracks |
| 10:59 | 76561198443206480 · age_up feudal |
| 11:19 | Bone Crusher · age_up feudal |
| 11:23 | DJ · age_up feudal |
| 12:23 | Fun Time · first_building Barracks |
| 13:08 | Fun Time · age_up feudal |
| 13:37 | Bone Crusher · first_market_buy 100 food |
| 16:04 | DJ · first_market_buy 100 wood |
| 16:05 | 76561198443206480 · first_market_buy 100 food |
| 16:22 | 76561198443206480 · first_market_sell 100 wood |
| 16:43 | Bone Crusher · first_building Barracks |
| 17:40 | 76561198443206480 · first_building Barracks |
| 17:46 | Bone Crusher · age_up castle |
| 18:19 | Bone Crusher · first_building Stable |
| 18:26 | Bone Crusher · first_market_sell 100 food |
| 19:05 | 76561198443206480 · age_up castle |
| 19:56 | Fun Time · first_market_sell 100 wood |
| 21:23 | 76561198443206480 · first_building Stable |
| 21:38 | Bone Crusher · first_building Archery Range |
| 22:39 | DJ · age_up castle |
| 23:21 | Fun Time · age_up castle |
| 23:32 | 76561198443206480 · first_building Monastery |
| 23:57 | Bone Crusher · tribute_sent a jugador 1 |
| 23:57 | Bone Crusher · tribute_sent a jugador 3 |
| 23:57 | Bone Crusher · tribute_sent a jugador 4 |
| 25:21 | Fun Time · first_market_buy 100 stone |
| 26:15 | 76561198443206480 · first_building Castle |
| 26:33 | 76561198443206480 · first_building Archery Range |
| 28:00 | DJ · wall_segment Stone Wall x5 |
| 29:27 | DJ · first_building Stable |
| 32:29 | DJ · first_market_sell 100 food |
| 32:49 | Bone Crusher · first_building Monastery |
| 33:54 | Bone Crusher · first_building Siege Workshop |
| 35:41 | Bone Crusher · first_building Castle |
| 37:28 | DJ · first_building Castle |
| 37:52 | Bone Crusher · age_up imperial |
| 38:35 | Fun Time · first_building Monastery |
| 39:37 | 76561198443206480 · age_up imperial |
| 44:27 | Fun Time · age_up imperial |
| 47:52 | DJ · first_building Siege Workshop |
| 48:26 | Fun Time · first_building Siege Workshop |
| 48:40 | Fun Time · first_building Castle |
| 51:40 | 76561198443206480 · tribute_sent a jugador 2 |
| 51:40 | 76561198443206480 · tribute_sent a jugador 3 |
| 51:40 | 76561198443206480 · tribute_sent a jugador 4 |
| 54:29 | Fun Time · tribute_sent a jugador 1 |
| 54:29 | Fun Time · tribute_sent a jugador 2 |
| 54:29 | Fun Time · tribute_sent a jugador 3 |
| 59:34 | Fun Time · tribute_sent a jugador 1 |
| 59:34 | Fun Time · tribute_sent a jugador 2 |
| 59:34 | Fun Time · tribute_sent a jugador 3 |
| 61:18 | Fun Time · resign |
[ AI ANALYSIS · 1 CREDIT ]
What really happened in this match?
Wolo.gg analyzes every decision: build order, eco, micro, common mistakes by bracket. Personalized analysis on WhatsApp or Discord in 30 seconds.
Civ guide
Koreans
Map guide
Arena
Perfil
Jugador #18447639